Map: Efflorescence LE

Players

qqq

  • Race: Zerg Zerg
  • Spawn Location: 12:00

Massa

  • Race: Terran Terran
  • League: Platinum
  • Spawn Location: 3:00

SpOOn - Winner!

  • Race: Terran Terran
  • League: Platinum
  • Spawn Location: 9:00

Moose - Winner!

  • Race: Zerg Zerg
  • League: Diamond
  • Spawn Location: 6:00

VOD

Have the link to the VOD?

Description

Time

  • Played on: Oct. 31, 2020, 7:26 a.m.
  • Length: 3:54
Show
View Real Time Build Order
Export as new Build Order

qqq Zerg 

Build Orders: Hatch First 

Get SALT Encoding   

  12  0:01  Drone  
  13  0:08  Drone  
  14  0:39  Hatchery  
  14  0:41  Drone  
  14  0:58  Spawning Pool  
  13  1:06  Overlord  
  13  1:10  Drone  
  14  1:13  Extractor  
  14  1:17  Drone  
  14  1:36  Drone  
  14  1:37  Drone  
  16  1:46  Queen  
  18  1:47  Drone  
  19  1:56  Drone  
  19  1:58  Drone  
  21  2:06  Drone  
  21  2:07  Drone  
  23  2:17  Queen  
  23  2:21  Drone  
  26  2:41  Zergling x2  
  26  2:42  Zergling x2  
  26  2:43  Overlord  
  28  2:53  Overlord  
  25  3:15  Drone x3, Zergling x2  
  25  3:16  Drone  
  30  3:22  Drone  
  30  3:25  Drone x3  
  34  3:27  Drone x2  
  34  3:30  Drone  
  37  3:36  Zergling x2  
  37  3:37  Zergling x2  
Show
View Real Time Build Order
Export as new Build Order

Massa Terran 

Build Orders: Gas First Reaper Expand 

Get SALT Encoding   

  12  0:00  SCV  
  13  0:12  SCV  
  14  0:21  Supply Depot  
  14  0:24  SCV  
  15  0:29  Refinery  
  15  0:45  Barracks  
  15  0:47  SCV  
  16  0:59  SCV  
  17  1:11  SCV  
  18  1:23  SCV  
  19  1:32  Reaper  
  20  1:36  Orbital Command  
  20  1:50  Command Center  
  20  2:01  SCV  
  20  2:04  Marine  
  22  2:13  SCV  
  23  2:16  Supply Depot  
  23  2:27  Factory  
  23  2:35  Barracks Reactor  
  23  2:37  SCV  
  24  2:49  SCV  
  25  2:59  Supply Depot  
  25  3:02  SCV  
  25  3:04  Orbital Command  
  26  3:10  Command Center  
  26  3:15  Factory Tech Lab  
  26  3:22  Marine x2  
  26  3:26  Barracks  
  28  3:30  SCV  
Show
View Real Time Build Order
Export as new Build Order

SpOOn Terran - Winner!

Build Orders:  

Get SALT Encoding   

  12  0:00  SCV  
  13  0:16  Supply Depot  
  13  0:21  Refinery  
  13  0:40  Barracks  
  13  0:50  Barracks  
  13  0:56  SCV  
  14  1:08  SCV  
  15  1:21  SCV  
  16  1:27  Reaper  
  17  1:33  SCV  
  17  1:39  Reaper  
  19  1:43  Supply Depot  
  19  1:51  Orbital Command  
  19  2:00  Reaper  
  20  2:11  Reaper  
  21  2:16  SCV  
  22  2:29  SCV  
  23  2:34  Reaper  
  24  2:41  SCV  
  25  2:45  Reaper  
  25  2:53  SCV  
  25  2:57  Refinery, Command Center  
  26  2:59  Supply Depot  
  26  3:05  SCV  
  26  3:14  Reaper  
  26  3:18  SCV  
  28  3:30  SCV  
  28  3:31  Supply Depot  
Show
View Real Time Build Order
Export as new Build Order

Moose Zerg - Winner!

Build Orders: Hatch First 

Get SALT Encoding   

  12  0:00  Drone  
  13  0:08  Drone  
  14  0:15  Extractor, Drone  
  15  0:23  Overlord  
  15  0:31  Extractor  
  14  0:41  Drone  
  14  0:42  Drone  
  16  0:48  Drone  
  17  1:01  Hatchery  
  17  1:03  Drone  
  17  1:20  Spawning Pool  
  17  1:22  Drone  
  17  1:27  Drone  
  17  1:30  Drone  
  19  1:42  Overlord  
  19  1:50  Overlord  
  19  2:07  Metabolic Boost  
  19  2:08  Zergling x2  
  20  2:10  Queen  
  20  2:11  Zergling x2  
  20  2:13  Zergling x2  
  24  2:25  Zergling x4  
  26  2:31  Zergling x2  
  26  2:35  Zergling x2  
  28  2:43  Zergling x2  
  29  2:50  Queen  
  29  2:51  Zergling x2  
  32  2:53  Zergling x2  
  33  3:01  Zergling x2  
  33  3:04  Zergling x2  
  35  3:10  Drone  
  36  3:19  Drone x3  
  39  3:20  Drone x2  
Tags
 
Add a new tag
Caveats
  • Supply blocks, unpowered buildings, or Contaminate may cause inaccurate times.
  • Supply counts are checked every 10 seconds.